AoeStats
← Barón de la Cerveza

Arabia

504333115Analyzed
1v1 RM · 29d ago on Sep 4, 2026· 38m 20s· 2 players
Game mode
Random Map
Map size
Tiny (2 player)
Population
200
Speed
Normal
Resources
Standard
Victory
Conquest
Starting age
Dark Age
Ending age
Imperial Age
RankedLock teamsTeams togetherTeam positionsShared explorationLock speedFull tech treeHidden civsTurbo modeCheats
Victory
Defeat
🇺🇸 Koreans · United States
1733
+17
🇲🇽 Turks · Mexico
1758
-17
DS_SayGG
6:05 Loom
9:03 Feudal Age
17:35 Fletching
28:04 Castle Age
26:13 Double-Bit Axe
26:44 Stone Mining
26:59 Horse Collar
27:10 Gold Mining
27:58 Arson
27:33 Man-at-Arms
28:58 Bow Saw
30:04 Bodkin Arrow
30:36 Town Watch
33:52 Wheelbarrow
Barón de la Cerveza
8:09 Loom
10:45 Feudal Age
11:34 Double-Bit Axe
12:23 Town Watch
29:09 Castle Age
29:48 Padded Archer Armor
30:59 Bow Saw
38:10 Sanctity
Connection lost

Rejoining the realm…

Still unreachable

The connection could not be restored.

Session expired

The server has moved on; the page needs a fresh start.